 Dungeon Crawl Stone Soup version 0.29-a0-1065-g47a6bb87d6 (webtiles) character file.

Game seed: 10651552079997879304

4 greasedhog the Charlatan (level 1, 0/12 HPs)
             Began as a Gargoyle Artificer on Aug 18, 2022.
             Frozen to death by an endoplasm (3 damage)
             ... on level 1 of the Dungeon.
             The game lasted 00:00:24 (290 turns).

greasedhog the Charlatan (Gargoyle Artificer)        Turns: 290, Time: 00:00:25

Health: 0/12       AC:  5    Str: 15    XL:     1   Next: 70%
Magic:  1/1        EV: 11    Int: 11    God:
Gold:   17         SH:  0    Dex: 10    Spells: 0/0 levels left

rFire   . . .      SeeInvis .   a - +0 club
rCold   . . .      Faith    .   (no shield)
rNeg    + . .      Spirit   .   b - +0 leather armour
rPois   ∞          Reflect  .   (no helmet)
rElec   +          Harm     .   (no cloak)
rCorr   .          Rampage  .   (no gloves)
Will    .....                   (no boots)
Stlth   +.........              (no amulet)
HPRegen 0.04/turn               (no ring)
MPRegen 0.07/turn               (no ring)

@: no status effects
A: sickness immunity, AC +2, negative energy resistance 1, electricity
resistance, torment resistance 1, petrification resistance
a: no special abilities


You were on level 1 of the Dungeon.
You visited 1 branch of the dungeon, and saw 1 of its levels.

You collected 17 gold pieces.

Inventory:

Hand Weapons
 a - a +0 club (weapon)
Armour
 b - a +0 leather armour (worn)
Wands
 c - a wand of flame (15) (quivered)
 d - a wand of charming (15)
 e - a wand of iceblast (5)
Scrolls
 f - a scroll of magic mapping {unknown}
 h - a scroll of blinking {unknown}
Potions
 g - a potion of lignification {unknown}


   Skills:
 * Level 1.5 Fighting
 * Level 0.7 Maces & Flails
 - Level 2.1 Armour
 - Level 0.7 Dodging
 - Level 1.1 Stealth
 - Level 2.6 Evocations


You couldn't memorise any spells.
You didn't know any spells.
Your spell library was empty.

Dungeon Overview and Level Annotations

Branches:
Dungeon (1/15)

Altars:


Innate Abilities, Weirdness & Mutations

You are immune to sickness and miasma.
Your stone body is resilient. (AC +2)
You are immune to poison.
You resist negative energy. (rN+)
You are resistant to electric shocks. (rElec)
You are resistant to unholy torment.
You are immune to petrification.


Message History

You see here a bat corpse.
The rat bites you but does no damage.
You hit the rat but do no damage. The rat bites you but does no damage.
The rat closely misses you.
You hit the rat.
You kill the rat!
No target in view!
g - a lumpy inky potion
Found a dagger.
No target in view!
No target in view!
h - a scroll labelled RESASA ESEV You see here a +0 dagger.
A hobgoblin comes into view.
An endoplasm comes into view.
The hobgoblin shouts!
The endoplasm quivers.
The hobgoblin hits you.
You hit the hobgoblin.
The hobgoblin is moderately wounded.
The hobgoblin hits you but does no damage.
You hit the hobgoblin but do no damage.
The hobgoblin is moderately wounded.
The hobgoblin misses you.
You barely miss the hobgoblin.
The hobgoblin is moderately wounded.
The hobgoblin hits you.
The hobgoblin hits you but does no damage.
You hit the hobgoblin.
The hobgoblin is severely wounded.
The hobgoblin hits you.
You hit the hobgoblin.
You kill the hobgoblin!
You hit the endoplasm.
The endoplasm is severely wounded.
The endoplasm hits you.
* * * LOW HITPOINT WARNING * * *
The endoplasm freezes you.
You are frozen.
You die...

################ #.
#..............# #.
#.####.######..# #. .#
#..# #... #. #.# ##.#
#.## ## #.##.#####.#
#.## .. ..........#
#.## #.
#.........#####.##
#..#@#........>......
#..#J#..............#
#...................#
###............#####.#
#.....................
#.###.#.#...#..#####.#
#. #.#.#####......†..
# #.#.# #..#####..
#.#.# #.........


You could see an endoplasm.

Vanquished Creatures
  2 hobgoblins (D:1)
  A bat (D:1)
  A kobold (D:1)
  A rat (D:1)
5 creatures vanquished.

Notes
Turn   | Place    | Note
-------+----------+-------------------------------------------
     0 | D:1      | greasedhog the Gargoyle Artificer began the quest for the
                  | Orb.
     0 | D:1      | Reached XP level 1. HP: 12/12 MP: 1/1
   290 | D:1      | Frozen to death by an endoplasm

Illustrated notes

Levels and vault maps discovered:
D:1:      erik_arrival_orb_chamber, layout_loops_ring,
          hellmonk_ecumenical_altar_crossroads

Action                   || total
-------------------------++-------
Melee: Club              ||    21
Armor: Leather armour    ||     9
Dodge: Dodged            ||     9

Table legend: (Time is in decaauts)
 A = Elapsed time spent in this place.
 B = Non-inter-level travel time spent in this place.
 C = Inter-level travel time spent in this place.
 D = Time resting spent in this place.
 E = Time spent auto-exploring this place.
 F = Levels seen in this place.
 G = Mean time per level.
                   A        B        C        D        E       F      G
               +--------+--------+--------+--------+--------+-----+--------+
         Total |    295 |    295 |      0 |    159 |     87 |   1 |  295.0 |
       Dungeon |    295 |    295 |      0 |    159 |     87 |   1 |  295.0 |
               +--------+--------+--------+--------+--------+-----+--------+

Top non-repeatable levels by time:
     D:1: 295 daAuts
